cohdb
Replays
Latest Replays
All Replays
Popular Replays
Top Player Replays
Match Explorer
How It Works
Community
CoH3 Stats
Reddit
Sign in to upload your games and track your stats! →
Sign in with Steam
Match 34264818
Unlisted
Match 34264818
Overview
Messages
Build Orders
End
Construct Infanterie Kompanie
Selects Italian Coastal Battlegroup
Selects Coastal Reserves
Coastal Reserve
MG 42 Machine Gun Team
MG 42 Machine Gun Team
GrW 34 Mortar Team
Medical Station
Construct Luftwaffe Kompanie
Selects Artillery Officer
Jäger Squad
Jäger Squad
Jäger Squad
Luftwaffe Officer Quarters
Jäger Squad
Construct Panzergrenadier Kompanie
Support Elements
Selects Coastal Wall
Coastal Reserve
Nebelwerfer 42 Rocket Launcher Team
Selects Support Bunkers
Selects Designated Artillery Overwatch
Nebelwerfer 42 Rocket Launcher Team
Coastal Reserve
Wirbelwind Flakpanzer
Anti-tank Bunker
Coastal Reserve
MG 42 Bunker
Selects Bulwark
Anti-tank Bunker
Panzergrenadier Officer Quarters
Medical Bunker
Anti-tank Bunker
Guliver42
✪✪✪✪✪ FAdmHDP
hugo.com
matrix4x4
520
bananaMAT_uyu
0
0
Comments
sign in to comment!
No comments posted yet!